 Dungeon Crawl Stone Soup version 0.21-a0-329-g12f17e1 (webtiles) character file.

6206 zeke the Cleaver (level 10, -2/88 HPs)
             Began as a Minotaur Fighter on Oct 1, 2017.
             Was an Elder of Okawaru.
             Slain by a two-headed ogre
             ... wielding a +0 giant club
              (13 damage)
             ... on level 10 of the Dungeon.
             The game lasted 00:12:11 (6390 turns).

zeke the Cleaver (Minotaur Fighter)                 Turns: 6390, Time: 00:12:12

Health: -2/88      AC: 11    Str: 28    XL:     10   Next: 61%
Magic:  9/9        EV: 11    Int:  5    God:    Okawaru [****..]
Gold:   445        SH: 12    Dex: 13    Spells: 9/9 levels left

rFire    . . .     SeeInvis .   a - +0 war axe
rCold    . . .     Gourm    .   c - +0 shield
rNeg     . . .     Faith    .   b - +0 scale mail
rPois    .         Spirit   .   (helmet restricted)
rElec    .         Reflect  .   (no cloak)
rCorr    +         Harm     .   O - +2 pair of gloves "Eteprie" {rCorr}
MR       .....                  (no boots)
Stlth    +.........             n - amulet of regeneration
HPRegen  1.04/turn              H - +2 ring of dexterity
MPRegen  0.11/turn              j - ring of stealth

@: mighty, slowed, very slow
A: retaliatory headbutt, fangs 1, horns 2, regeneration 1
a: Heroism, Renounce Religion


You were on level 10 of the Dungeon.
You worshipped Okawaru.
Okawaru was greatly pleased with you.
You were hungry.

You visited 2 branches of the dungeon, and saw 11 of its levels.

You collected 445 gold pieces.

Inventory:

Hand Weapons
 a - a +0 war axe (weapon)
Armour
 b - a +0 scale mail (worn)
 c - a +0 shield (worn)
 O - the +2 pair of gloves "Eteprie" (worn) {rCorr}
   (You found it on level 10 of the Dungeon)

   It protects you from acid and corrosion.
Jewellery
 j - a ring of stealth (right hand)
 n - an amulet of regeneration (around neck)
 H - a +2 ring of dexterity (left hand)
Wands
 B - a wand of iceblast (11/15)
 E - a wand of confusion (19/48)
 F - a wand of flame (24/48)
 L - a wand of enslavement (6/24)
Scrolls
 e - 12 scrolls of identify {unknown}
 h - 4 scrolls of teleportation
 m - a scroll of enchant armour {unknown}
 o - a scroll of remove curse {unknown}
 s - 2 scrolls of recharging {unknown}
 u - 6 scrolls of magic mapping
 x - 2 scrolls of enchant weapon {unknown}
 A - a scroll of fear {unknown}
 C - a scroll of blinking {unknown}
 D - 2 scrolls of summoning {unknown}
 I - a scroll of brand weapon {unknown}
 M - a scroll of fog {unknown}
 N - 3 scrolls of immolation {unknown}
Potions
 g - 2 potions of haste {unknown}
 i - 2 potions of curing {unknown}
 p - 3 potions of lignification {unknown}
 q - 3 potions of flight {unknown}
 r - a potion of brilliance {unknown}
 t - a potion of heal wounds {unknown}
 v - a potion of mutation {unknown}
 w - a potion of magic {unknown}
 z - a potion of degeneration {unknown}
 G - a potion of agility {unknown}
Books
 y - a book of Frost

   Spells                             Type                      Level
   a - Freeze                         Ice                          1
   b - Throw Frost                    Conjuration/Ice              2
   c - Ozocubu's Armour               Charms/Ice                   3
   d - Throw Icicle                   Conjuration/Ice              4
   e - Summon Ice Beast               Ice/Summoning                4
 J - a book of Maledictions

   Spells                             Type                      Level
   a - Corona                         Hexes                        1
   b - Ensorcelled Hibernation        Hexes/Ice                    2
   c - Confuse                        Hexes                        3
   d - Tukima's Dance                 Hexes                        3
   e - Dazzling Spray                 Conjuration/Hexes            3
Comestibles
 f - 5 bread rations
 k - 5 royal jellies
 l - 7 meat rations
 K - 8 fruits


   Skills:
 + Level 8.0 Fighting
 * Level 13.5 Axes
 + Level 7.7 Armour
 + Level 4.7 Dodging
 + Level 1.0 Stealth
 + Level 8.0 Shields


You had 9 spell levels left.
You didn't know any spells.

Dungeon Overview and Level Annotations

Branches:
Dungeon (10/15)            Temple (1/1) D:5
   Lair: D:8-11         Orc: D:9-12

Altars:
Ashenzari
Cheibriados
Dithmenos
Elyvilon
Gozag
Hepliaklqana
Makhleb
Nemelex Xobeh
Okawaru
Qazlal
Ru
Sif Muna
Trog
Uskayaw
Xom
Zin

Shops:
D:5 [   D:6 :


Innate Abilities, Weirdness & Mutations

You reflexively headbutt those who attack you in melee.
You have a pair of horns on your head.
You have very sharp teeth.
Your natural rate of healing is unusually fast.


Message History

The two-headed ogre hits you with a giant club!
You block the two-headed ogre's attack.
You hit the two-headed ogre but do no damage.
Your headbutt misses the two-headed ogre.
Your bite misses the two-headed ogre.
The two-headed ogre is moderately wounded.
The two-headed ogre hits you with a giant club!!
You block the two-headed ogre's attack.
You hit the two-headed ogre but do no damage.
The two-headed ogre is moderately wounded.
The two-headed ogre barely misses you. x2
You hit the two-headed ogre. You headbutt the two-headed ogre.
The two-headed ogre is moderately wounded.
The two-headed ogre hits you with a giant club!!
* * * LOW HITPOINT WARNING * * *
The two-headed ogre barely misses you.
You feel very mighty all of a sudden. The two-headed ogre closely misses you.
The two-headed ogre hits you with a giant club!
You die...

####### ####.....#
#........#
#.##.....#
#@##.....#
......O.##.....#
?..>..####.....#
###### ##.####
#.).# ###.# #)#
####+## ####'##
#.....#######.....#


You could see a two-headed ogre.

Vanquished Creatures
  A two-headed ogre (D:10)
  Pikel (D:5)
  A troll (D:9)
  Grinder (D:6)
  A hippogriff (D:8)
  A wraith (D:10)
  4 yaks (D:9)
  Edmund (D:6)
  The ghost of micr0chasm the Gusty, an amateur TeAE (D:4)
  A water moccasin (D:7)
  5 sky beasts
  A slave (D:5)
  2 ice beasts
  A phantom (D:6)
  5 ogres
  3 centaurs
  3 big kobolds
  3 bullfrogs
  2 scorpions (D:5)
  3 wights (D:10)
  3 howler monkeys
  6 crimson imps
  3 bullfrog zombies
  6 hounds
  4 jellies
  9 orc wizards
  A bullfrog skeleton (D:9)
  Terence (D:3)
  An iguana (D:6)
  4 worker ants
  3 hound skeletons
  A howler monkey skeleton (D:5)
  19 adders
  A shadow imp (D:5)
  An ooze (D:1)
  3 adder skeletons
  3 worms (D:2)
  5 dart slugs
  5 leopard geckos
  22 orcs
  4 bats
  5 giant cockroaches
  10 hobgoblins
  3 jackals (D:2)
  16 kobolds
  6 quokkas
  A ball python (D:3)
  6 frilled lizards
  19 goblins
  A quokka skeleton (D:5)
  8 rats
221 creatures vanquished.

Vanquished Creatures (others)
  A giant cockroach (D:5)
1 creature vanquished.

Grand Total: 222 creatures vanquished

Notes
Turn   | Place    | Note
-------+----------+-------------------------------------------
     0 | D:1      | zeke the Minotaur Fighter began the quest for the Orb.
     0 | D:1      | Reached XP level 1. HP: 19/19 MP: 0/0
    73 | D:1      | Reached XP level 2. HP: 26/27 MP: 1/1
   305 | D:1      | Found a sparkling altar of Nemelex Xobeh.
   472 | D:1      | Reached skill level 3 in Axes
   478 | D:1      | Reached XP level 3. HP: 32/33 MP: 2/2
   948 | D:2      | Reached skill level 4 in Axes
   948 | D:2      | Reached XP level 4. HP: 32/41 MP: 3/3
   988 | D:2      | Noticed a moth of wrath
  1070 | D:2      | Found a bloodstained altar of Trog.
  1195 | D:3      | Reached XP level 5. HP: 38/47 MP: 4/4
  1262 | D:3      | Reached skill level 1 in Dodging
  1266 | D:3      | Noticed Terence
  1271 | D:3      | Killed Terence
  1271 | D:3      | Reached skill level 5 in Axes
  1765 | D:4      | Noticed micr0chasm's ghost (amateur TeAE)
  1780 | D:4      | Killed micr0chasm's ghost
  1780 | D:4      | Reached skill level 6 in Axes
  1780 | D:4      | Reached XP level 6. HP: 31/53 MP: 5/5
  1958 | D:4      | Reached XP level 7. HP: 60/60 MP: 6/6
  2029 | D:4      | Reached skill level 5 in Fighting
  2245 | D:4      | Found a shadowy altar of Dithmenos.
  2245 | D:4      | Found a burning altar of Makhleb.
  2309 | D:4      | Found a sacrificial altar of Ru.
  2334 | D:4      | Reached skill level 7 in Axes
  2476 | D:5      | Entered Level 5 of the Dungeon
  2533 | D:5      | Reached skill level 5 in Shields
  2645 | D:5      | Reached skill level 8 in Axes
  2760 | D:5      | Reached skill level 5 in Armour
  2774 | D:5      | Noticed Pikel
  2792 | D:5      | Killed Pikel
  2792 | D:5      | Reached skill level 9 in Axes
  2792 | D:5      | Reached XP level 8. HP: 31/70 MP: 7/7
  2838 | D:5      | Found a staircase to the Ecumenical Temple.
  2851 | Temple   | Entered the Ecumenical Temple
  2905 | Temple   | Became a worshipper of Warmaster Okawaru
  2929 | D:5      | Found Yheryomm's Armour Shoppe.
  3106 | D:5      | Reached skill level 10 in Axes
  3320 | D:6      | Noticed Edmund
  3334 | D:6      | Killed Edmund
  3334 | D:6      | Reached * piety under Okawaru
  3334 | D:6      | Reached XP level 9. HP: 61/75 MP: 8/8
  3354 | D:6      | Found a deep blue altar of Sif Muna.
  3397 | D:6      | Found Cautsug's Book Boutique.
  3440 | D:6      | Found a shattered altar of Ashenzari.
  3457 | D:6      | Gained mutation: Your natural rate of healing is unusually fast. [mutagenic meat]
  3458 | D:6      | Gained mutation: You have very sharp teeth. [mutagenic meat]
  3459 | D:6      | Gained mutation: Your system is resistant to poisons. (rPois) [mutagenic meat]
  3461 | D:6      | Lost mutation: Your system is resistant to poisons. (rPois) [mutagenic meat]
  3550 | D:6      | Noticed Grinder
  3551 | D:6      | Paralysed by Grinder for 2 turns
  3567 | D:6      | Killed Grinder
  3567 | D:6      | Reached skill level 11 in Axes
  3737 | D:6      | Reached ** piety under Okawaru
  4042 | D:7      | Found a stormy altar of Qazlal.
  4042 | D:7      | Found a hazy altar of Hepliaklqana.
  4884 | D:7      | Reached skill level 12 in Axes
  5101 | D:8      | Reached *** piety under Okawaru
  5606 | D:8      | Reached XP level 10. HP: 76/86 MP: 9/9
  5788 | D:9      | Reached **** piety under Okawaru
  5797 | D:9      | Reached skill level 13 in Axes
  6213 | D:10     | Entered Level 10 of the Dungeon
  6230 | D:10     | Got a pair of transparent gloves
  6236 | D:10     | Identified the +2 pair of gloves "Eteprie" {rCorr} (You found it on level 10 of the Dungeon)
  6290 | D:10     | Noticed a two-headed ogre
  6302 | D:10     | Killed a two-headed ogre
  6302 | D:10     | Reached skill level 1 in Stealth
  6384 | D:10     | Noticed a two-headed ogre
  6390 | D:10     | Slain by a two-headed ogre

Vault maps used:
D:1:      scummos_arrival_simple_fountains, nemelex_altar_shiori
D:2:      tgw_trog
D:3:      first_bread, minivault_26, uniq_terence
D:4:      hangedman_ru_absence, gammafunk_temple_overflow_wave,
          minmay_ogre_servants
D:5:      temple_green, serial_shops, shop, minmay_a_box_with_orc_wizards_in_it,
          uniq_pikel
D:6:      old_standard_altar, serial_shops, nicolae_shop_stone,
          evilmike_ruin_ashenzari, uniq_edmund, uniq_grinder
D:7:      overflow_temple_1_default, grunt_qazlal_clouds
D:10:     lair_entry_dummy, orc_0_dummy, serial_shops, shop
Temple:   eino_temple_scatter_basement

Skill      XL: |  1  2  3  4  5  6  7  8  9 10 |
---------------+-------------------------------+-----
Fighting       | 4 5 6 7 8 |  8.0
Axes           | 3 4 6 9 10 12 13 | 13.5
Armour         | 4 5 6 7 |  7.7
Shields        | 4 6 7 8 |  8.0
Dodging        | 1 2 3 4 |  4.7
Stealth        | 1 |  1.0

Action                   |  1- 3 |  4- 6 |  7- 9 | 10-12 || total
-------------------------+-------+-------+-------+-------++-------
Melee: War axe           |    82 |   133 |   323 |   123 ||   661
       Headbutt          |    11 |    20 |    74 |    35 ||   140
       Bite              |       |       |    16 |    13 ||    29
Invok: Heroism           |       |       |       |     1 ||     1
  Use: Scroll            |       |       |       |     4 ||     4
       Potion            |       |       |       |     1 ||     1
 Stab: Distracted        |       |       |       |     1 ||     1
  Eat: Chunk             |       |     4 |    16 |     3 ||    23
Armor: Scale mail        |    45 |    58 |    80 |    17 ||   200
Dodge: Dodged            |    28 |    43 |    86 |    35 ||   192
Block: Shield            |    52 |    71 |   158 |    55 ||   336

Table legend:
 A = Spawn XP
 B = Non-spawn XP
 C = Spawn XP percentage of total XP
 D = Spawn monster count
 E = Non-spawn monster count
 F = Spawn count percentage of total count
 G = Total turns spent on level
                    A         B        C        D         E        F      G
               +---------+---------+-------+---------+---------+-------+---------
         Total |       0 |    8866 |   0.0 |       0 |     220 |   0.0 |  6390
               +---------+---------+-------+---------+---------+-------+---------
           D:1 |       0 |      51 |   0.0 |       0 |      21 |   0.0 |   847
           D:2 |       0 |     110 |   0.0 |       0 |      24 |   0.0 |   295
           D:3 |       0 |     157 |   0.0 |       0 |      31 |   0.0 |   591
           D:4 |       0 |     529 |   0.0 |       0 |      24 |   0.0 |   743
           D:5 |       0 |    1615 |   0.0 |       0 |      23 |   0.0 |   680
           D:6 |       0 |    1446 |   0.0 |       0 |      22 |   0.0 |   733
           D:7 |       0 |     971 |   0.0 |       0 |      23 |   0.0 |  1065
           D:8 |       0 |     863 |   0.0 |       0 |      18 |   0.0 |   679
           D:9 |       0 |    1731 |   0.0 |       0 |      21 |   0.0 |   521
          D:10 |       0 |    1393 |   0.0 |       0 |      13 |   0.0 |   168
               +---------+---------+-------+---------+---------+-------+---------
